 Dungeon Crawl Stone Soup version 0.23.1-37-gaa34b87 (webtiles) character file.

Game seed: 5448870045324309764

959 kae the Insei (level 7, -1/55 HPs)
             Began as a Demonspawn Skald on Mar 22, 2019.
             Was a Follower of Okawaru.
             Slain by a wyvern (9 damage)
             ... on level 6 of the Dungeon.
             The game lasted 00:07:33 (7126 turns).

kae the Insei (Demonspawn Skald)                    Turns: 7126, Time: 00:07:33

Health: -1/55      AC:  6    Str: 11    XL:     7   Next: 91%
Magic:  0/10       EV: 12    Int: 15    God:    Okawaru [*.....]
Gold:   329        SH:  0    Dex: 14    Spells: 5/10 levels left

rFire    . . .     SeeInvis .     - Unarmed
rCold    . . .     Gourm    .   (no shield)
rNeg     + . .     Faith    .   a - +0 leather armour
rPois    .         Spirit   +   (no helmet)
rElec    .         Reflect  .   i - +2 cloak
rCorr    .         Harm     .   (no gloves)
MR       .....                  (no boots)
Stlth    +.........             (no amulet)
HPRegen  0.18/turn              k - ring of positive energy
MPRegen  0.12/turn              (no ring)

@: infused
A: talons 1, magic shield
a: Heroism, Renounce Religion


You were on level 6 of the Dungeon.
You worshipped Okawaru.
Okawaru was aware of your devotion.
You were not hungry.

You visited 2 branches of the dungeon, and saw 7 of its levels.

You collected 329 gold pieces.

Inventory:

Armour
 a - a +0 leather armour (worn)
 i - a +2 cloak (worn)
Jewellery
 k - a ring of positive energy (left hand)
Wands
 f - a wand of disintegration (5)
 m - a wand of enslavement (9)
Scrolls
 b - a scroll of noise {unknown}
 d - 2 scrolls of teleportation
 g - 4 scrolls of remove curse
Potions
 e - a potion of lignification
 h - 2 potions of haste {unknown}
 j - a potion of brilliance {unknown}
 l - a potion of magic {unknown}
 n - a potion of heal wounds {unknown}
Comestibles
 c - 7 rations


   Skills:
 + Level 4.7 Fighting
 - Level 0.8 Armour
 - Level 1.7 Dodging
 * Level 5.9 Unarmed Combat
 - Level 2.0 Spellcasting
 + Level 4.8 Charms
 + Level 2.6 Invocations


You had 5 spell levels left.
You knew the following spells:

 Your Spells              Type           Power        Failure   Level  Hunger
a - Infusion              Chrm           ###.         4%          1    #......
b - Song of Slaying       Chrm           ###.....     6%          2    ###....
c - Shroud of Golubria    Chrm/Tloc      #.........   16%         2    ###....

Your spell library contained the following spells:

 Spells                   Type           Power        Failure   Level  Hunger
 Regeneration             Chrm/Necr      #.........   32%         3    ###....
 Spectral Weapon          Hex/Chrm       #.......     32%         3    ###....


Dungeon Overview and Level Annotations

Branches:
Dungeon (6/15)             Temple (1/1) D:4

Altars:
Cheibriados
Elyvilon
Fedhas
Gozag
Hepliaklqana
Kikubaaqudgha
Okawaru
Qazlal
Ru
Sif Muna
Trog
Uskayaw
Wu Jian
Xom
Yredelemnul
Zin


Innate Abilities, Weirdness & Mutations

You have sharp toenails.
When hurt, damage is shared between your health and your magic reserves.


Message History

The wyvern is heavily wounded.
The wyvern bites you! The wyvern bites you.
You hit the wyvern! You claw the wyvern.
The wyvern is almost dead.
The wyvern bites you.
You hit the wyvern. Your kick misses the wyvern.
The wyvern is almost dead.
The wyvern barely misses you.
You hit the wyvern but do no damage.
The wyvern is almost dead.
The wyvern bites you!
* * * LOW HITPOINT WARNING * * *
The wyvern barely misses you.
You hit the wyvern but do no damage. Your punch misses the wyvern.
The wyvern is almost dead.
The wyvern closely misses you.
You barely miss the wyvern.
The wyvern is almost dead.
The wyvern bites you!
You die...

..........#
#........#
#........# #
#......#
#8##..#<#
........#
......#.#
......#.#
#8##...@# #
##.#.l......
#..$.......
#####.#....
## ##.


You could see a wyvern.

Vanquished Creatures
  Sigmund (D:3)
  A phantom (D:2)
  An ogre (D:4)
  A centaur (D:5)
  A crimson imp (D:5)
  A jelly (D:5)
  3 orc priests (D:4)
  An orc wizard (D:3)
  An iguana (D:4)
  3 worker ants
  A hound skeleton (D:4)
  7 gnolls
  9 adders
  A shadow imp (D:5)
  An ooze (D:1)
  An adder skeleton (D:4)
  3 worms
  3 dart slugs
  A leopard gecko (D:5)
  11 orcs
  2 ball pythons
  4 bats
  5 giant cockroaches
  3 goblins
  4 hobgoblins
  6 jackals
  2 quokkas
  3 frilled lizards
  7 kobolds
  7 rats
95 creatures vanquished.

Notes
Turn   | Place    | Note
-------+----------+-------------------------------------------
     0 | D:1      | kae the Demonspawn Skald began the quest for the Orb.
     0 | D:1      | Reached XP level 1. HP: 16/16 MP: 3/3
    57 | D:1      | Reached skill level 2 in Unarmed Combat
   330 | D:1      | Gained mutation: You have sharp toenails. [demonic
                  | ancestry]
   330 | D:1      | Reached XP level 2. HP: 21/22 MP: 1/5
  1569 | D:2      | Reached XP level 3. HP: 16/28 MP: 2/6
  1890 | D:2      | Found a white marble altar of Elyvilon.
  2043 | D:2      | Reached skill level 3 in Unarmed Combat
  2222 | D:2      | Reached XP level 4. HP: 32/34 MP: 3/7
  2295 | D:2      | Noticed a phantom
  2687 | D:2      | Killed a phantom
  2687 | D:2      | Gained mutation: When hurt, damage is shared between your
                  | health and your magic reserves. [demonic ancestry]
  2687 | D:2      | Reached XP level 5. HP: 5/41 MP: 8/8
  3440 | D:3      | Noticed Sigmund
  3549 | D:2      | Learned a level 2 spell: Song of Slaying
  3552 | D:2      | Learned a level 2 spell: Shroud of Golubria
  3845 | D:3      | Reached skill level 4 in Unarmed Combat
  4166 | D:3      | Found a glowing silver altar of Zin.
  4667 | D:4      | Reached XP level 6. HP: 38/47 MP: 9/9
  5281 | D:4      | Found a snail-covered altar of Cheibriados.
  5594 | D:4      | Found a staircase to the Ecumenical Temple.
  5624 | Temple   | Entered the Ecumenical Temple
  5704 | Temple   | Became a worshipper of Warmaster Okawaru
  5738 | D:4      | Reached skill level 5 in Unarmed Combat
  5841 | D:4      | Reached XP level 7. HP: 51/54 MP: 4/10
  6091 | D:3      | Killed Sigmund
  6091 | D:3      | Reached skill level 1 in Invocations
  6214 | D:5      | Entered Level 5 of the Dungeon
  6554 | D:5      | Reached * piety under Okawaru
  6843 | D:5      | Found an opulent altar of Gozag.
  7109 | D:6      | Noticed a wyvern
  7126 | D:6      | Slain by a wyvern

Skill      XL: |  1  2  3  4  5  6  7 |
---------------+----------------------+-----
Unarmed Combat | 2 3 4 5 |  5.9
Charms         | 3 4 |  4.8
Fighting       | 3 4 |  4.7
Invocations    | 2 |  2.6
Armour         | |  0.8
Dodging        | |  1.7
Spellcasting   | |  2.0

Action                   |  1- 3 |  4- 6 |  7- 9 || total
-------------------------+-------+-------+-------++-------
Melee: Unarmed           |   144 |   220 |   118 ||   482
       Kick              |    19 |    40 |    38 ||    97
       Punch             |     3 |     3 |     1 ||     7
 Cast: Infusion          |    15 |    18 |    10 ||    43
       Shroud of Golubri |       |     2 |       ||     2
Evoke: Wand              |       |     5 |     4 ||     9
  Use: Scroll            |       |     7 |     2 ||     9
       Potion            |       |     1 |       ||     1
  Eat: Chunk             |     4 |     6 |     4 ||    14
       Ration            |       |     2 |       ||     2
Armor: Leather armour    |    50 |    65 |    28 ||   143
Dodge: Dodged            |    83 |   130 |    64 ||   277
